 Dungeon Crawl Stone Soup version 0.18-a0-1481-g708b138 (webtiles) character file.

1324 Goblin1989 the Cleaver (level 8, -10/58 HPs)
             Began as a Demonspawn Gladiator on Mar 2, 2016.
             Was an Initiate of Okawaru.
             Killed from afar by Azzok's ghost (28 damage)
             ... with a bolt of negative energy
             ... on level 6 of the Dungeon.
             The game lasted 00:12:23 (5796 turns).

Goblin1989 the Cleaver (Demonspawn Gladiator)       Turns: 5796, Time: 00:12:23

Health: -10/58     AC: 11    Str: 18    XL:     8   Next: 33%
Magic:  8/8        EV: 10    Int: 12    God:    Okawaru [......]
Gold:   237        SH:  0    Dex: 13    Spells: 0 memorised, 7 levels left

rFire  . . .     SeeInvis +     a - +0 war axe
rCold  + + .     Gourm    .     p - +2 scale mail {rC+}
rNeg   . . .     Faith    .     (no shield)
rPois  .         Spirit   .     (helmet restricted)
rElec  .         Dismiss  .     o - +0 cloak
rCorr  .         Reflect  .     (no gloves)
SustAt .         Harm     .     (no boots)
MR     .....     Clarity  +     (no amulet)
Stlth  ..........               (no ring)
                                b - ring of see invisible

@: heavily drained, not resistant to hostile enchantments, extremely unstealthy
A: horns 1, rugged brown scales 2, berserk 1, clarity, clever 1, cold resistance
1, foul stench 1, rot immunity
a: Renounce Religion


You were on level 6 of the Dungeon.
You worshipped Okawaru.
Okawaru was noncommittal.
You were near starving.

You visited 2 branches of the dungeon, and saw 7 of its levels.

You collected 237 gold pieces.

Inventory:

Hand Weapons
 a - a +0 war axe (weapon)
Missiles
 d - 3 throwing nets (quivered)
Armour
 o - a +0 cloak (worn)
 p - a +2 scale mail of cold resistance (worn)
Jewellery
 b - a ring of see invisible (left hand)
Scrolls
 g - 4 scrolls of fog
 m - 2 scrolls of recharging {unknown}
 r - a scroll of remove curse
 s - a scroll of identify {unknown}
 t - a scroll of amnesia
 v - a scroll of noise {unknown}
 w - a scroll of enchant armour
 x - a scroll of teleportation
Potions
 c - a potion of curing {unknown}
 e - a potion of flight
 h - a potion of cure mutation {unknown}
 i - 2 potions of heal wounds
 j - a potion of might {unknown}
 n - a potion of magic {unknown}
Comestibles
 f - 2 meat rations
 k - 3 fruits
 l - 3 beef jerkies
 u - a bread ration


   Skills:
 - Level 2.0(0.7) Fighting
 * Level 9.7(8.2) Axes
 - Level 1.7(0.5) Throwing
 - Level 2.6(1.4) Dodging


You had 7 spell levels left.
You didn't know any spells.

Dungeon Overview and Level Annotations

Branches:
Dungeon (6/15)             Temple (1/1) D:6

Altars:
Dithmenos
Elyvilon
Fedhas
Nemelex Xobeh
Okawaru
Pakellas
Sif Muna
Trog
Xom
Yredelemnul

Annotations:
D:4 Goblin1989's ghost, amateur DsGl
D:6 Azzok's ghost, novice DrTm


Innate Abilities, Weirdness & Mutations

You have a pair of small horns on your head.
You are mostly covered in rugged brown scales (AC +2, +5% HP).
Your flesh is cold resistant.
You may emit foul miasma when damaged in melee.
You are immune to rotting.
You tend to lose your temper in combat.
You possess an exceptional clarity of mind.
Your mind is acute. (Int +2)


Message History

Found 22 sling bullets.
You see here 22 sling bullets.
You are near starving!
You now have 237 gold pieces (gained 4).
Azzok's ghost (novice Yellow Draconian Transmuter) comes into view.
Azzok's ghost is nearby!
Azzok's ghost turns its malevolent gaze towards you.
Unknown command.
Unknown command.
Azzok's ghost hits you.
Azzok's ghost breathes negative energy at you.
The bolt of negative energy misses you.
You see here 22 sling bullets.
Azzok's ghost breathes negative energy at you.
The bolt of negative energy hits you!
You feel drained.
Ouch! That really hurt!
* * * LOW HITPOINT WARNING * * *
Azzok's ghost breathes negative energy at you.
The bolt of negative energy hits you!
You feel drained.
You die...

###....## ##. #.......#
##.. ###'###...# #... ##
#.....#....# #....
..##...#.⌠.⌠.#)....# #.....
.......+..>..+.....##......
.......#.⌠.⌠.#.............
#......#.....# ...........
#......###@### .......
#..........# ......
#........### #.. #.......W#
#... #........# .....
##......## #...# ##......#
#...# #.......# ###...#
.... #.......# ##....# ....


You could see Azzok's ghost.

Vanquished Creatures
  Menkaure (D:5)
  A necrophage (D:5)
  An ice beast (D:5)
  4 ogres
  A giant frog (D:5)
  A howler monkey (D:4)
  A centaur zombie (D:5)
  A quasit (D:4)
  A jelly (D:5)
  2 orc wizards
  2 orc priests
  An iguana (D:4)
  3 worker ants (D:5)
  3 gnolls (D:4)
  11 adders
  A shadow imp (D:5)
  An ooze (D:5)
  An adder skeleton (D:4)
  A worm (D:6)
  6 dart slugs
  5 giant geckos
  20 orcs
  3 bats
  2 giant cockroaches (D:4)
  6 goblins
  13 hobgoblins
  8 jackals
  2 quokkas
  4 ball pythons
  5 giant newts
  A jackal skeleton (D:4)
  7 kobolds
  A quokka zombie (D:5)
  5 rats
126 creatures vanquished.

Notes
Turn   | Place    | Note
--------------------------------------------------------------
     0 | D:1      | Goblin1989 the Demonspawn Gladiator began the quest for the Orb.
     0 | D:1      | Reached XP level 1. HP: 16/16 MP: 1/1
   172 | D:1      | Reached skill level 3 in Axes
   222 | D:1      | Gained mutation: You are partially covered in rugged brown scales (AC +1, +3% HP). [demonic ancestry]
   222 | D:1      | Reached XP level 2. HP: 16/22 MP: 2/2
   659 | D:1      | Reached XP level 3. HP: 15/27 MP: 3/3
  1168 | D:2      | Reached skill level 4 in Axes
  1487 | D:2      | Found a shadowy altar of Dithmenos.
  1488 | D:2      | Gained mutation: You are immune to rotting. [demonic ancestry]
  1488 | D:2      | Reached XP level 4. HP: 30/33 MP: 4/4
  1733 | D:2      | Found a faded altar to an unknown god.
  2144 | D:2      | Reached skill level 5 in Axes
  2563 | D:3      | Gained mutation: You are mostly covered in rugged brown scales (AC +2, +5% HP). [demonic ancestry]
  2563 | D:3      | Reached XP level 5. HP: 28/39 MP: 5/5
  2857 | D:3      | Found an oddly glowing altar of Pakellas.
  2871 | D:3      | Found a bloodstained altar of Trog.
  3031 | D:4      | Noticed an ogre
  3034 | D:3      | Gained mutation: You tend to lose your temper in combat. [potion of mutation]
  3034 | D:3      | Gained mutation: Your mind is acute. (Int +2) [potion of mutation]
  3034 | D:3      | Gained mutation: You possess an exceptional clarity of mind. [potion of mutation]
  3040 | D:4      | Killed an ogre
  3040 | D:4      | Reached skill level 6 in Axes
  3040 | D:4      | Gained mutation: You may emit foul miasma when damaged in melee. [demonic ancestry]
  3040 | D:4      | Reached XP level 6. HP: 21/46 MP: 6/6
  3746 | D:4      | Reached skill level 7 in Axes
  3865 | D:4      | Gained mutation: Your flesh is cold resistant. [demonic ancestry]
  3865 | D:4      | Reached XP level 7. HP: 47/52 MP: 7/7
  4417 | D:4      | Noticed Goblin1989's ghost (amateur DsGl)
  4476 | D:5      | Entered Level 5 of the Dungeon
  4514 | D:5      | Reached skill level 8 in Axes
  4754 | D:5      | Reached skill level 9 in Axes
  4754 | D:5      | Gained mutation: You have a pair of small horns on your head. [demonic ancestry]
  4754 | D:5      | Reached XP level 8. HP: 56/58 MP: 8/8
  5005 | D:5      | Noticed Menkaure
  5020 | D:5      | Killed Menkaure
  5724 | D:6      | Found a staircase to the Ecumenical Temple.
  5730 | Temple   | Entered the Ecumenical Temple
  5738 | Temple   | Became a worshipper of Warmaster Okawaru
  5773 | D:6      | Noticed Azzok's ghost (novice DrTm)
  5796 | D:6      | Killed from afar by Azzok's ghost

Vault maps used:
D:1:      lightli_arrival_isolated_outpost, minmay_parallelograms, st_stairs_3
D:2:      lemuel_upstairs_altar, nicolae_dithmenos_shadow_blocks,
          ecumenical_altar_2, serial_bayou_lagoon_b
D:3:      grunt_temple_overflow_open
D:4:      serial_forest, infiniplex_forest_end_double, infiniplex_forest_join,
          infiniplex_forest_clump_small, infiniplex_forest_clump_cross,
          infiniplex_forest_lined_4_way, infiniplex_forest_end_1,
          minmay_misc_feat_pillars
D:5:      first_bread, nrook_pool_corridor, uniq_menkaure
D:6:      minmay_temple_entry_hall, uniq_eustachio
Temple:   circular_temple_12

Skill      XL: |  1  2  3  4  5  6  7 |
---------------+----------------------+-----
Axes           | 3 4 5 6 7 9 |  9.7
Fighting       | |  2.0
Throwing       | |  1.7
Dodging        | |  2.6

Action                   |  1- 3 |  4- 6 |  7- 9 || total
-------------------------+-------+-------+-------++-------
Melee: War axe           |   105 |   216 |   157 ||   478
Throw: Throwing net      |       |     2 |       ||     2
  Use: Potion            |       |     7 |       ||     7
       Scroll            |       |     5 |       ||     5
 Stab: Held in net/web   |       |     2 |       ||     2
  Eat: Chunk             |     2 |     4 |     5 ||    11
       Bread ration      |       |     1 |       ||     1
